 Dungeon Crawl Stone Soup version 0.28-a0-1518-gbe868bca14 (webtiles) character file.

Game seed: 8367727596319243406

54 dolemite99 the Slasher (level 3, -1/31 HPs)
             Began as a Minotaur Monk on Jan 17, 2022.
             Was a Priest of Zin.
             Splashed by a jelly's acid (4 damage)
             ... on level 3 of the Dungeon.
             The game lasted 00:02:07 (2067 turns).

dolemite99 the Slasher (Minotaur Monk)              Turns: 2067, Time: 00:02:07

Health: -1/31      AC:  4    Str: 17    XL:     3   Next: 66%
Magic:  2/2        EV: 11    Int:  7    God:    Zin [***...]
Gold:   80         SH:  0    Dex: 12    Spells: 2/2 levels left

rFire   . . .      SeeInvis .   a - +0 falchion
rCold   . . .      Faith    .   (no shield)
rNeg    . . .      Spirit   .   p - +0 ring mail
rPois   .          Reflect  .   (helmet restricted)
rElec   .          Harm     .   (no cloak)
rCorr   .          Rampage  .   n - +2 pair of gloves
Will    .....                   (no boots)
Stlth   +.........              (no amulet)
HPRegen 0.10/turn               (no ring)
MPRegen 0.08/turn               (no ring)

@: corroded
A: horns 2, retaliatory headbutt
a: Renounce Religion, Recite, Vitalisation, Imprison, Donate Gold


You were on level 3 of the Dungeon.
You worshipped Zin.
Zin was most pleased with you.
You visited 1 branch of the dungeon, and saw 3 of its levels.

You collected 88 gold pieces.
You donated 8 gold pieces to Zin.

Inventory:

Hand Weapons
 a - a +0 falchion (weapon)
 c - a +0 hunting sling
Missiles
 g - 38 sling bullets
 i - 19 bolts
Armour
 b - a +0 robe
 n - a +2 pair of gloves (worn)
 p - a +0 ring mail (worn)
Magical Staves
 d - a staff of death
Jewellery
 j - an amulet of faith
Scrolls
 e - 2 scrolls of identify {unknown}
 h - a scroll of enchant armour {unknown}
Potions
 k - 3 potions of curing {unknown}
 l - a potion of resistance {unknown}
 m - a potion of ambrosia {unknown}
 o - a potion of berserk rage {unknown}


   Skills:
 - Level 3.6 Fighting
 + Level 5.7 Long Blades
 - Level 3.2 Dodging
 - Level 1.5 Stealth


You had 2 spell levels left.
You didn't know any spells.
Your spell library contained the following spells:

 Spells                   Type           Power      Damage    Failure   Level
 Slow                     Hex            0%         N/A       65%         1
 Confusing Touch          Hex            0%         N/A       95%         3
 Vampiric Draining        Necr           0%         2d6       95%         3


Dungeon Overview and Level Annotations

Branches:
Dungeon (3/15)

Altars:
Zin

Shops:
D:1 (


Innate Abilities, Weirdness & Mutations

You have a pair of horns on your head.
You reflexively headbutt those who attack you in melee.


Message History

Found a stone staircase leading down.
Found an escape hatch in the ceiling.
You see here a +0 ring mail.
p - a +0 ring mail You start removing your armour.
You continue taking off your +0 robe. x4
You finish taking off your +0 robe.
You start putting on your armour.
You continue putting on your +0 ring mail. x5
You finish putting on your +0 ring mail.
A frilled lizard comes into view.
You throw a poisoned dart.
The poisoned dart hits the frilled lizard.
The frilled lizard is poisoned.
The frilled lizard hisses angrily.
You kill the frilled lizard!
A jelly comes into view.
Found a stone staircase leading up.
The jelly quivers.
The jelly jiggles.
The jelly hits you but does no damage.
You hit the jelly but do no damage. The acid corrodes you!
Your hands burn!
The jelly hits you.
You are splashed with acid!
You hit the jelly.
Your hands burn!
You headbutt the jelly, but do no damage.
The jelly is lightly wounded.
The jelly closely misses you.
You hit the jelly.
Your hands burn!
The jelly is moderately wounded.
The jelly hits you but does no damage.
You hit the jelly.
Your hands burn!
* * * LOW HITPOINT WARNING * * *
You punch the jelly, but do no damage.
The jelly is moderately wounded.
The jelly closely misses you.
You hit the jelly but do no damage.
Your hands burn!
* * * LOW HITPOINT WARNING * * *
The jelly is moderately wounded.
The jelly misses you.
You hit the jelly.
Your hands burn!
You die...

## .. ### ####. # ....
... (. ...<. #.#.# .#
### ......##@# . ..
..# .......J.###.# #.#
......##.#...# #.#
..........# .## #.#
.#######.## #.# #.#
........# #.###.#####
##......##
##.........#
#.####..###..##..###.#
# #.#...####.## #.#


You could see a jelly.

Vanquished Creatures
  An adder (D:2)
  An adder zombie (D:2)
  A worm (D:3)
  A dart slug (D:1)
  5 bats
  A bat zombie (D:2)
  4 endoplasms
  3 goblins
  3 hobgoblins
  2 quokkas (D:2)
  A ball python skeleton (D:2)
  A ball python zombie (D:2)
  3 frilled lizards
  A giant cockroach zombie (D:2)
  A jackal skeleton (D:2)
  2 kobolds
  A quokka zombie (D:2)
  3 rats (D:1)
35 creatures vanquished.

Notes
Turn   | Place    | Note
-------+----------+-------------------------------------------
     0 | D:1      | dolemite99 the Minotaur Monk began the quest for the Orb.
     0 | D:1      | Reached XP level 1. HP: 19/19 MP: 0/0
   102 | D:1      | Found a faded altar of an unknown god.
   132 | D:1      | Reached skill level 4 in Long Blades
   239 | D:1      | Reached XP level 2. HP: 23/26 MP: 1/1
   484 | D:1      | Found Voth's Weapon Boutique.
   502 | D:1      | Prayed at the altar of an unknown god.
   502 | D:1      | Became a worshipper of Zin the Law-Giver
   502 | D:1      | Reached * piety under Zin
   502 | D:1      | Reached ** piety under Zin
   502 | D:1      | Reached *** piety under Zin
  1060 | D:2      | Reached skill level 5 in Long Blades
  1060 | D:2      | Reached XP level 3. HP: 31/31 MP: 2/2
  2067 | D:3      | Splashed by a jelly's acid

Illustrated notes

Levels and vault maps discovered:
D:1:      erik_arrival_blinker_ship, layout_basic, serial_shops,
          nicolae_shop_statue_plus, hellmonk_ecumenical_altar_lost_god
D:2:      layout_loops_ring, serial_undead, serial_undead_d, serial_undead_b,
          serial_undead_f, serial_undead_f
D:3:      layout_loops_ring, gammafunk_temple_overflow_statue,
          lemuel_coloured_pillars_altar, vehumet_altar_wand_db,
          nicolae_dithmenos_shadow_blocks, goddamned_bats, uniq_terence

Skill      XL: |  1  2 |
---------------+-------+-----
Long Blades    | 4 5 |  5.7
Fighting       | |  3.6
Dodging        | |  3.2
Stealth        | |  1.5

Action                   || total
-------------------------++-------
Melee: Falchion          ||    55
       Headbutt          ||     9
       Punch             ||     1
Throw: Dart              ||    32
 Stab: Sleeping          ||     1
Armor: Robe              ||    11
       Ring mail         ||     2
Dodge: Dodged            ||    30

Table legend: (Time is in decaauts)
 A = Elapsed time spent in this place.
 B = Non-inter-level travel time spent in this place.
 C = Inter-level travel time spent in this place.
 D = Time resting spent in this place.
 E = Time spent auto-exploring this place.
 F = Levels seen in this place.
 G = Mean time per level.
                   A        B        C        D        E       F      G
               +--------+--------+--------+--------+--------+-----+--------+
         Total |   2069 |   1988 |     81 |    383 |   1207 |   3 |  689.7 |
       Dungeon |   2069 |   1988 |     81 |    383 |   1207 |   3 |  689.7 |
               +--------+--------+--------+--------+--------+-----+--------+

Top non-repeatable levels by time:
     D:2: 988 daAuts
     D:1: 930 daAuts
     D:3: 150 daAuts
